TOP OF THE 1ST |
Windy City ThunderBolts batting - Pitching for Paris Cubs : RHP Luis Solis
|
Pitching: RHP Luis Solis
|
|
Batting: SHB Danny Gallegos
|
0-0: Called Strike 0-1: Ball 1-1: Ball 2-1: Ball 3-1: Base on Balls
|
Batting: LHB Jose Pereyra
|
0-0: Called Strike Danny Gallegos is caught stealing 2nd base 2-6 0-1: Ball 1-1: Called Strike 1-2: Foul Ball, location: 2F 1-2: Strikes out swinging
|
Batting: RHB Tyrell Camp
|
0-0: Ball 1-0: Foul Ball, location: 2F 1-1: Ball 2-1: Ball 3-1: Foul Ball, location: 2F 3-2: Strikes out swinging
|
Top of the 1st over - 0 runs, 0 hits, 0 errors, 0 left on base; Windy City 0 - Paris 0 |
BOTTOM OF THE 1ST |
Paris Cubs batting - Pitching for Windy City ThunderBolts : RHP Juan Reyes
|
Pitching: RHP Juan Reyes
|
|
Batting: SHB Jim Lloyd
|
0-0: Ball 1-0: Foul Ball, location: 2F 1-1: Ball 2-1: SINGLE (Line Drive, 4M, EV 100.0 MPH)
|
Batting: RHB Dan Orozco
|
0-0: Ball Jim Lloyd is caught stealing 2nd base 2-4 1-0: Ball 2-0: Foul Ball, location: 2F 2-1: Fly out, F8 (Flyball, 8RD, EV 98.1 MPH)
|
Batting: RHB Jorge Lagunas
|
0-0: Swinging Strike 0-1: Foul Ball, location: 2F 0-2: Ball 1-2: Ball 2-2: Foul Ball, location: 2F 2-2: Foul Ball, location: 2F 2-2: Strikes out swinging
|
Bottom of the 1st over - 0 runs, 1 hit, 0 errors, 0 left on base; Windy City 0 - Paris 0 |
TOP OF THE 2ND |
Windy City ThunderBolts batting - Pitching for Paris Cubs : RHP Luis Solis
|
Batting: SHB Rob Haney
|
0-0: Ball 1-0: Swinging Strike 1-1: Ground out 4-3 (Groundball, 4M, EV 95.6 MPH)
|
Batting: RHB Nhat Phong
|
0-0: Foul Ball, location: 2F 0-1: Ball 1-1: Ball 2-1: Swinging Strike 2-2: Ball 3-2: Base on Balls
|
Batting: RHB Joselito Santos
|
0-0: Ball 1-0: Ball 2-0: Called Strike 2-1: Swinging Strike 2-2: Strikes out swinging
|
Batting: RHB Joe Thomas
|
0-0: Swinging Strike 0-1: Ball 1-1: Called Strike 1-2: Strikes out swinging
|
Top of the 2nd over - 0 runs, 0 hits, 0 errors, 1 left on base; Windy City 0 - Paris 0 |
BOTTOM OF THE 2ND |
Paris Cubs batting - Pitching for Windy City ThunderBolts : RHP Juan Reyes
|
Batting: RHB David Bousfield
|
0-0: Ball 1-0: Called Strike 1-1: Ball 2-1: Called Strike 2-2: Ball 3-2: Base on Balls
|
Batting: LHB Jeremy Rideout
|
0-0: Called Strike 0-1: Swinging Strike 0-2: Strikes out swinging
|
Batting: RHB Andy Villarreal
|
0-0: Called Strike David Bousfield steals 2nd base 0-1: Ball 1-1: Ball 2-1: Ball 3-1: Called Strike 3-2: Strikes out swinging
|
Batting: LHB Jose Mafano
|
0-0: Called Strike 0-1: Ball 1-1: Ground out 6-3 (Groundball, 6, EV 108.1 MPH)
|
Bottom of the 2nd over - 0 runs, 0 hits, 0 errors, 1 left on base; Windy City 0 - Paris 0 |
TOP OF THE 3RD |
Windy City ThunderBolts batting - Pitching for Paris Cubs : RHP Luis Solis
|
Batting: RHB Kaoru Hamada
|
0-0: Called Strike 0-1: Swinging Strike 0-2: Strikes out swinging
|
Batting: RHB Dave Dominguez
|
0-0: Ball 1-0: Swinging Strike 1-1: Ground out 6-3 (Groundball, 6M, EV 101.9 MPH)
|
Batting: SHB Danny Gallegos
|
0-0: Called Strike 0-1: Fly out, F5 (Popup, 56, EV 61.9 MPH)
|
Top of the 3rd over - 0 runs, 0 hits, 0 errors, 0 left on base; Windy City 0 - Paris 0 |
BOTTOM OF THE 3RD |
Paris Cubs batting - Pitching for Windy City ThunderBolts : RHP Juan Reyes
|
Batting: RHB Lencho Otieno
|
0-0: Ball 1-0: Ball 2-0: Ball 3-0: Called Strike 3-1: Base on Balls
|
Batting: RHB Willie Rubio
|
0-0: Called Strike Lencho Otieno steals 2nd base 0-1: Foul Ball, location: 2F 0-2: Strikes out swinging
|
Batting: SHB Jim Lloyd
|
0-0: Ball 1-0: Ball 2-0: Ball 3-0: Base on Balls
|
Batting: RHB Dan Orozco
|
0-0: Fly out, F9 (Flyball, 9, EV 83.1 MPH)
|
Batting: RHB Jorge Lagunas
|
0-0: Foul Ball, location: 2F 0-1: Swinging Strike 0-2: Strikes out swinging
|
Bottom of the 3rd over - 0 runs, 0 hits, 0 errors, 2 left on base; Windy City 0 - Paris 0 |
TOP OF THE 4TH |
Windy City ThunderBolts batting - Pitching for Paris Cubs : RHP Luis Solis
|
Batting: LHB Jose Pereyra
|
0-0: Called Strike 0-1: Ground out 6-3 (Groundball, 6S, EV 66.9 MPH)
|
Batting: RHB Tyrell Camp
|
0-0: Ball 1-0: Swinging Strike 1-1: Fly out, F8 (Flyball, 8LD, EV 90.0 MPH)
|
Batting: SHB Rob Haney
|
0-0: Fly out, F8 (Flyball, 8RXD, EV 96.2 MPH)
|
Top of the 4th over - 0 runs, 0 hits, 0 errors, 0 left on base; Windy City 0 - Paris 0 |
BOTTOM OF THE 4TH |
Paris Cubs batting - Pitching for Windy City ThunderBolts : RHP Juan Reyes
|
Batting: RHB David Bousfield
|
0-0: Called Strike 0-1: Swinging Strike 0-2: Strikes out swinging
|
Batting: LHB Jeremy Rideout
|
0-0: Ball 1-0: Fly out, F7 (Flyball, 78D, EV 81.9 MPH)
|
Batting: RHB Andy Villarreal
|
0-0: Foul Ball, location: 2F 0-1: Ball 1-1: Ball 2-1: Ball 3-1: SINGLE (Line Drive, 9S, EV 93.1 MPH)
|
Batting: LHB Jose Mafano
|
0-0: Ball 1-0: Ball 2-0: Fielders Choice at 2nd, 6-4 (Groundball, 6, EV 77.5 MPH)
|
Bottom of the 4th over - 0 runs, 1 hit, 0 errors, 1 left on base; Windy City 0 - Paris 0 |
TOP OF THE 5TH |
Windy City ThunderBolts batting - Pitching for Paris Cubs : RHP Luis Solis
|
Batting: RHB Nhat Phong
|
0-0: Foul Ball, location: 2F 0-1: Ball 1-1: Ball 2-1: Ball 3-1: Foul Ball, location: 2F 3-2: Strikes out swinging
|
Batting: RHB Joselito Santos
|
0-0: Ball 1-0: Called Strike 1-1: Fly out, F8 (Flyball, 8RM, EV 86.9 MPH)
|
Batting: RHB Joe Thomas
|
0-0: Called Strike 0-1: Ball 1-1: Foul Ball, location: 2F 1-2: Ground out 6-3 (Groundball, 6, EV 82.5 MPH)
|
Top of the 5th over - 0 runs, 0 hits, 0 errors, 0 left on base; Windy City 0 - Paris 0 |
BOTTOM OF THE 5TH |
Paris Cubs batting - Pitching for Windy City ThunderBolts : RHP Juan Reyes
|
Batting: RHB Lencho Otieno
|
0-0: Foul Ball, location: 2F 0-1: Foul Ball, location: 2F 0-2: Ball 1-2: Ball 2-2: Fly out, F7 (Flyball, 7D, EV 82.5 MPH)
|
Batting: RHB Willie Rubio
|
0-0: Ball 1-0: Called Strike 1-1: Ball 2-1: SINGLE (Groundball, 56S, EV 75.0 MPH) (infield hit)
|
Batting: SHB Jim Lloyd
|
0-0: Called Strike 0-1: Ball Willie Rubio steals 2nd base 1-1: Ball 2-1: Ball 3-1: Base on Balls
|
Batting: RHB Dan Orozco
|
0-0: Ball 1-0: Called Strike Willie Rubio steals 3rd base Jim Lloyd to second 1-1: Ball 2-1: Foul Ball, location: 2F 2-2: Ball 3-2: Ground out 4-3 (Groundball, 4, EV 83.8 MPH)
|
Batting: RHB Jorge Lagunas
|
0-0: Ball 1-0: Swinging Strike 1-1: Foul Ball, location: 2F 1-2: Ball 2-2: Ball 3-2: Strikes out swinging
|
Bottom of the 5th over - 0 runs, 1 hit, 0 errors, 2 left on base; Windy City 0 - Paris 0 |
TOP OF THE 6TH |
Windy City ThunderBolts batting - Pitching for Paris Cubs : RHP Luis Solis
|
Pitching: LHP Noah Hornby
|
|
Pinch Hitting: RHB Ricky Avila
|
0-0: Ball 1-0: Foul Ball, location: 2F 1-1: Foul Ball, location: 2F 1-2: Strikes out swinging
|
Batting: RHB Dave Dominguez
|
0-0: Ball 1-0: Called Strike 1-1: Foul Ball, location: 2F 1-2: Strikes out swinging
|
Batting: SHB Danny Gallegos
|
0-0: Ball 1-0: Ball 2-0: Called Strike 2-1: Swinging Strike 2-2: Strikes out swinging
|
Top of the 6th over - 0 runs, 0 hits, 0 errors, 0 left on base; Windy City 0 - Paris 0 |
BOTTOM OF THE 6TH |
Paris Cubs batting - Pitching for Windy City ThunderBolts : RHP Juan Reyes
|
Now in CF: Dave Dominguez
|
|
Now in RF: Ricky Avila
|
|
Batting: RHB David Bousfield
|
0-0: Ball 1-0: Called Strike 1-1: Called Strike 1-2: Ball 2-2: Foul Ball, location: 2F 2-2: Foul Ball, location: 2F 2-2: Strikes out looking
|
Batting: LHB Jeremy Rideout
|
0-0: Ball 1-0: Ball 2-0: Ball 3-0: Base on Balls
|
Batting: RHB Andy Villarreal
|
0-0: Ball 1-0: Called Strike 1-1: Grounds into double play, 5-4-3 (Groundball, 5, EV 97.5 MPH)
|
Bottom of the 6th over - 0 runs, 0 hits, 0 errors, 0 left on base; Windy City 0 - Paris 0 |
TOP OF THE 7TH |
Windy City ThunderBolts batting - Pitching for Paris Cubs : LHP Noah Hornby
|
Batting: LHB Jose Pereyra
|
0-0: Ball 1-0: Ball 2-0: Ball 3-0: Called Strike 3-1: Base on Balls
|
Batting: RHB Tyrell Camp
|
0-0: Called Strike 0-1: Ball 1-1: Called Strike 1-2: Ball 2-2: Ball 3-2: 2-RUN HOME RUN (Flyball, 7D, EV 100.6 MPH), Distance : 398 ft
|
Batting: SHB Rob Haney
|
0-0: Swinging Strike 0-1: Ball 1-1: Ball 2-1: Ball 3-1: Called Strike 3-2: Fly out, F3 (Popup, 3, EV 56.9 MPH)
|
Batting: RHB Nhat Phong
|
0-0: Ball 1-0: Ground out 5-3 (Groundball, 5, EV 86.2 MPH)
|
Pitching: RHP Alberto Cabrera
|
|
Batting: RHB Joselito Santos
|
0-0: Called Strike 0-1: SINGLE (Line Drive, 34D, EV 99.4 MPH)
|
Batting: RHB Joe Thomas
|
0-0: Ball 1-0: Ball 2-0: Foul Ball, location: 2F 2-1: Fly out, F8 (Flyball, 8RXD, EV 96.2 MPH)
|
Top of the 7th over - 2 runs, 2 hits, 0 errors, 1 left on base; Windy City 2 - Paris 0 |
BOTTOM OF THE 7TH |
Paris Cubs batting - Pitching for Windy City ThunderBolts : RHP Juan Reyes
|
Batting: LHB Jose Mafano
|
0-0: Fly out, F9 (Flyball, 89M, EV 81.2 MPH)
|
Batting: RHB Lencho Otieno
|
0-0: Ball 1-0: Called Strike 1-1: Foul Ball, location: 2F 1-2: Ball 2-2: Strikes out swinging
|
Batting: RHB Willie Rubio
|
0-0: Called Strike 0-1: Ball 1-1: Swinging Strike 1-2: Ball 2-2: Strikes out looking
|
Bottom of the 7th over - 0 runs, 0 hits, 0 errors, 0 left on base; Windy City 2 - Paris 0 |
TOP OF THE 8TH |
Windy City ThunderBolts batting - Pitching for Paris Cubs : RHP Alberto Cabrera
|
Batting: RHB Ricky Avila
|
0-0: Ground out 4-3 (Groundball, 4, EV 101.9 MPH)
|
Batting: RHB Dave Dominguez
|
0-0: Called Strike 0-1: Ball 1-1: Ground out 6-3 (Groundball, 6, EV 86.2 MPH)
|
Batting: SHB Danny Gallegos
|
0-0: Foul Ball, location: 2F 0-1: Ground out U3 (Groundball, 3S, EV 67.5 MPH)
|
Top of the 8th over - 0 runs, 0 hits, 0 errors, 0 left on base; Windy City 2 - Paris 0 |
BOTTOM OF THE 8TH |
Paris Cubs batting - Pitching for Windy City ThunderBolts : RHP Juan Reyes
|
Now in RF: Miguel Pacheco
|
|
Batting: SHB Jim Lloyd
|
0-0: Ball 1-0: Ball 2-0: Called Strike 2-1: Ball 3-1: Called Strike 3-2: Strikes out looking
|
Batting: RHB Dan Orozco
|
0-0: Called Strike 0-1: Ball 1-1: Called Strike 1-2: Ball 2-2: Foul Ball, location: 2F 2-2: Strikes out looking
|
Batting: RHB Jorge Lagunas
|
0-0: Ground out U3 (Groundball, 34, EV 101.2 MPH)
|
Bottom of the 8th over - 0 runs, 0 hits, 0 errors, 0 left on base; Windy City 2 - Paris 0 |
TOP OF THE 9TH |
Windy City ThunderBolts batting - Pitching for Paris Cubs : RHP Alberto Cabrera
|
Batting: LHB Jose Pereyra
|
0-0: Ball 1-0: Ball 2-0: Fly out, F7 (Flyball, 78S, EV 83.1 MPH)
|
Batting: RHB Tyrell Camp
|
0-0: Foul Ball, location: 2F 0-1: Ball 1-1: Ground out 6-3 (Groundball, 6, EV 88.8 MPH)
|
Batting: SHB Rob Haney
|
0-0: Ball 1-0: Ball 2-0: Foul Ball, location: 2F 2-1: Ball 3-1: Fly out, F8 (Flyball, 8LM, EV 93.8 MPH)
|
Top of the 9th over - 0 runs, 0 hits, 0 errors, 0 left on base; Windy City 2 - Paris 0 |
BOTTOM OF THE 9TH |
Paris Cubs batting - Pitching for Windy City ThunderBolts : RHP Juan Reyes
|
Pitching: RHP Jose Rodriguez
|
|
Batting: RHB David Bousfield
|
0-0: Ball 1-0: Ball 2-0: Called Strike 2-1: Ball 3-1: SINGLE (Groundball, 56D, EV 105.6 MPH)
|
Batting: LHB Jeremy Rideout
|
0-0: Foul Ball, location: 2F 0-1: Grounds into double play, 4-6-3 (Groundball, 34, EV 85.0 MPH)
|
Batting: RHB Andy Villarreal
|
0-0: Ball 1-0: Ball 2-0: Called Strike 2-1: Ball 3-1: Base on Balls
|
Batting: LHB Jose Mafano
|
0-0: Ball 1-0: Foul Ball, location: 2F 1-1: Called Strike 1-2: Fielders Choice at 2nd, 6-4 (Groundball, 6D, EV 81.2 MPH)
|
Bottom of the 9th over - 0 runs, 1 hit, 0 errors, 1 left on base; Windy City 2 - Paris 0 |
|